 Dungeon Sprint DCSS version 0.26.1-2-gb8aa6d0cf2 (webtiles) character file.

Game seed: 391893038264407789

14009 Groucho the Unseen (level 11, 60/60 HPs)
             Began as a Spriggan Enchanter on Feb 17, 2021.
             Was the Champion of Dithmenos.
             Got out of the dungeon alive.
             The game lasted 00:14:28 (2824 turns).

Groucho the Unseen (Spriggan Enchanter)             Turns: 2824, Time: 00:14:29

Health: 60/60      AC:  4    Str: 10    XL:     11   Next: 83%
Magic:  32/32      EV: 32    Int: 18    God:    Dithmenos [******]
Gold:   1267       SH:  0    Dex: 17    Spells: 23/42 levels left

rFire    . . .     SeeInvis +   a - +1 dagger
rCold    . . .     Faith    .   (shield restricted)
rNeg     . . .     Spirit   .   l - +1 robe of Classification {Will+ Str+6} (curse)
rPois    .         Reflect  .   (helmet restricted)
rElec    .         Harm     .   c - +1 cloak
rCorr    .         Rampage  .   (gloves unavailable)
Will     ++...     Clarity  +   (boots unavailable) Stlth ****++++++NoTele +
                                (no amulet)
HPRegen  0.20/turn              (no ring)
MPRegen  0.23/turn              (no ring)

@: wreathed by umbra, very quick
A: very small, unfitting armour, see invisible, clarity, deformed body, speed 3,
screaming 2, weak 1
a: Renounce Religion, Shadow Step, Shadow Form


You escaped.
You worshipped Dithmenos.
Dithmenos was exalted by your worship.
You visited 1 branch You collected 1420 gold pieces.
You spent 153 gold pieces at shops.

Inventory:

Hand Weapons
 a - a +1 dagger (weapon)
Missiles
 k - 6 atropa-tipped darts
 n - 25 stones (quivered)
 p - 4 curare-tipped darts
 q - 4 boomerangs of dispersal
Armour
 b - a +0 robe
 c - a +1 cloak (worn)
 l - the cursed +1 robe of Classification (worn) {Will+ Str+6}
   (You bought it in a shop in the Dungeon)

   It affects your strength (+6).
   It affects your willpower, your defense against some magical effects.
   It has a curse placed upon it.
Jewellery
 o - a +6 ring of strength {unknown}
Scrolls
 i - a scroll of magic mapping {unknown}
 j - 2 scrolls of identify {unknown}
 m - a scroll of blinking
Potions
 d - 5 potions of curing
 e - a potion of heal wounds
 f - a potion of haste
 g - 2 potions of magic
 h - a potion of attraction {unknown}


   Skills:
 + Level 8.3 Fighting
 - Level 10.0 Short Blades
 + Level 16.0 Dodging
 - Level 19.2 Stealth
 + Level 16.1 Spellcasting
 + Level 4.7 Conjurations
 - Level 14.0 Hexes
 - Level 7.0 Ice Magic


You had 23 spell levels left.
You knew the following spells:

 Your Spells              Type           Power        Failure   Level
a - Corona                Hex            66%          0%          1
b - Ensorcelled Hibernat  Hex/Ice        100%         1%          2
c - Confusing Touch       Hex            60%          1%          3
d - Dazzling Flash        Conj/Hex       96%          1%          3
e - Tukima's Dance        Hex            60%          1%          3
f - Invisibility          Hex            60%          1%          6
g - Apportation           Tloc           28%          4%          1

Your spell library contained the following spells:

 Spells                   Type           Power        Failure   Level
 Lesser Beckoning         Tloc           7%           13%         3
 Alistair's Intoxication  Tmut/Pois      9%           75%         5


Dungeon Overview and Level Annotations

Branches:
Dungeon (1/1)

Altars:
Cheibriados
Dithmenos
Elyvilon
Fedhas
Gozag
Hepliaklqana
Kikubaaqudgha
Makhleb
Nemelex Xobeh
Okawaru
Qazlal
Ru
Sif Muna
Trog
Uskayaw
Vehumet
Wu Jian
Xom
Yredelemnul
Zin
The Shining One
Jiyva
Lugonu

Shops:
D :[?}?(:!*[[!*!:[[}[[!


Innate Abilities, Weirdness & Mutations

You are very small and have problems with some larger weapons.
You are too small for most types of armour.
You have supernaturally acute eyesight. (SInv)
You cover ground extremely quickly.
You possess an exceptional clarity of mind.
Armour fits poorly on your strangely shaped body.
You sometimes yell uncontrollably at your foes.
You are weak. (Str -2)


Message History

Okay, then.
There is an open door here.
There is an open door, spattered with blood here.
There is an open door here.
There is an open door here.
There is an open door here.
There is an open door here.
There is a corrupted altar of Lugonu here.
There is a viscous altar of Jiyva here.
There is an open door here.
There is an open door here.
There is an open door here.
There is an open door here.
You see here a +0 giant club.
There is an open door here.
Things that are here:
a +0 dagger; a +0 ring mail
There is a staircase leading out of the dungeon here.
Are you sure you want to leave the Dungeon?
This will make you lose the game!
You have escaped!

##################
#@.#..)..#.)'..#__
#..)..#..'..#..'^.
#..#####'#####'#__
#..####..#...#.###
#..#__####..##[#§§
#..#_____##'#_.'§≈
#⌠⌠#_.∩...'..._#≈≈
####_..__##_.#'##'
#_____###'#.#)[


There were no monsters in sight!

Vanquished Creatures
  A hydra (D)
  2 centaur warriors (D)
  Sonja (D)
  2 unseen horrors (D)
  A deep troll (D)
  A lindwurm (D)
  An oklob plant (D)
  8 shining eyes (D)
  A merfolk siren (D)
  2 kobold demonologists (D)
  4 demonic crawlers (D)
  A slime creature (D)
  A hornet (D)
  Sigmund (D)
  2 redbacks (D)
  A yak (D)
  13 hogs (D)
  7 floating eyes (D)
  An ogre (D)
  7 necrophages (D)
  8 jellies (D)
  Ijyb (D)
  2 ballistomycete spores (D)
69 creatures vanquished.

Vanquished Creatures (others)
  A merfolk siren (D)
  A gargoyle (D)
  3 hornets (D)
5 creatures vanquished.

Grand Total: 74 creatures vanquished

Notes
Turn   | Place    | Note
-------+----------+-------------------------------------------
     0 | D        | Groucho the Spriggan Enchanter began the quest for the Orb.
     0 | D        | Reached XP level 1. HP: 9/9 MP: 5/5
     2 | D        | Noticed Ijyb
     9 | D        | Killed Ijyb
    10 | D        | Reached skill level 7 in Stealth
    10 | D        | Reached skill level 5 in Hexes
    10 | D        | Reached XP level 2. HP: 13/13 MP: 6/8
    45 | D        | Learned a level 2 spell: Ensorcelled Hibernation
    46 | D        | Noticed an ogre
    54 | D        | Killed an ogre
    55 | D        | Reached skill level 11 in Stealth
    55 | D        | Reached XP level 3. HP: 16/16 MP: 6/11
    55 | D        | Reached XP level 4. HP: 21/21 MP: 7/13
   365 | D        | Noticed Sigmund
   367 | D        | Killed Sigmund
   368 | D        | Reached skill level 13 in Stealth
   368 | D        | Reached XP level 5. HP: 24/24 MP: 14/16
   390 | D        | Found a shimmering blue altar of Sif Muna.
   391 | D        | Found an ornate altar of the Wu Jian Council.
   392 | D        | Found a radiant altar of Vehumet.
   397 | D        | Reached XP level 6. HP: 28/28 MP: 18/18
   436 | D        | Found Xiniq's Gadget Emporium.
   436 | D        | Found an ancient bone altar of Kikubaaqudgha.
   436 | D        | Found a hazy altar of Hepliaklqana.
   436 | D        | Found a stormy altar of Qazlal.
   436 | D        | Found a hide-covered altar of Uskayaw.
   436 | D        | Found a blossoming altar of Fedhas.
   436 | D        | Found a bloodstained altar of Trog.
   436 | D        | Found an iron altar of Okawaru.
   436 | D        | Found a basalt altar of Yredelemnul.
   436 | D        | Found a glowing golden altar of the Shining One.
   436 | D        | Found a snail-covered altar of Cheibriados.
   436 | D        | Found a sacrificial altar of Ru.
   436 | D        | Found a glowing silver altar of Zin.
   436 | D        | Found a shadowy altar of Dithmenos.
   436 | D        | Found a white marble altar of Elyvilon.
   436 | D        | Noticed a yak
   437 | D        | Found an opulent altar of Gozag.
   438 | D        | Killed a yak
   439 | D        | Reached skill level 15 in Stealth
   439 | D        | Found a sparkling altar of Nemelex Xobeh.
   449 | D        | Became a worshipper of Dithmenos the Shadowed
   467 | D        | Found a burning altar of Makhleb.
   467 | D        | Found a shimmering altar of Xom.
   467 | D        | Noticed a slime creature
   468 | D        | Found a viscous altar of Jiyva.
   468 | D        | Found a corrupted altar of Lugonu.
   473 | D        | Killed a slime creature
   474 | D        | Reached skill level 16 in Stealth
   474 | D        | Reached skill level 10 in Hexes
   474 | D        | Reached XP level 7. HP: 30/32 MP: 14/21
   671 | D        | Noticed a centaur warrior
   671 | D        | Noticed a centaur warrior
   672 | D        | Killed a centaur warrior
   673 | D        | Reached skill level 17 in Stealth
   673 | D        | Reached skill level 10 in Spellcasting
   673 | D        | Reached XP level 8. HP: 36/36 MP: 21/23
   673 | D        | Killed a centaur warrior
   673 | D        | Reached * piety under Dithmenos
   674 | D        | Reached skill level 18 in Stealth
   684 | D        | Noticed a hornet
   687 | D        | Killed a hornet
   688 | D        | Reached XP level 9. HP: 39/39 MP: 23/25
   698 | D        | Noticed an oklob plant
   700 | D        | Killed an oklob plant
   708 | D        | Reached ** piety under Dithmenos
   709 | D        | Reached skill level 10 in Dodging
   717 | D        | Learned a level 3 spell: Confusing Touch
   724 | D        | Reached skill level 1 in Fighting
   738 | D        | Noticed an unseen horror
   738 | D        | Noticed an unseen horror
   759 | D        | Killed an unseen horror
   760 | D        | Reached skill level 19 in Stealth
   765 | D        | Killed an unseen horror
  1056 | D        | Reached *** piety under Dithmenos
  1075 | D        | Reached XP level 10. HP: 49/49 MP: 21/28
  1096 | D        | Reached **** piety under Dithmenos
  1097 | D        | Reached skill level 1 in Ice Magic
  1122 | D        | Reached ***** piety under Dithmenos
  1203 | D        | Learned a level 3 spell: Dazzling Flash
  1207 | D        | Learned a level 3 spell: Tukima's Dance
  1214 | D        | Learned a level 6 spell: Invisibility
  1216 | D        | Learned a level 1 spell: Apportation
  1222 | D        | Found Akkuk's Distillery.
  1222 | D        | Found Oppan's Book Shop.
  1222 | D        | Found Qijazud's General Store.
  1224 | D        | Found Irphiss's Antique Armour Emporium.
  1224 | D        | Found Zitikou's Antique Armour Shop.
  1224 | D        | Found Wigap's Distillery.
  1224 | D        | Found Putic's General Store.
  1224 | D        | Found Kiydus's Distillery.
  1224 | D        | Found Unwony's Book Shop.
  1224 | D        | Found Esaonn's Armour Shoppe.
  1228 | D        | Found Tynwixo's Antique Armour Boutique.
  1229 | D        | Found Waemuip's Antique Armour Emporium.
  1229 | D        | Found Vuanned's Gadget Boutique.
  1230 | D        | Found Laledysk's Distillery.
  1254 | D        | Bought an ominously black robe for 153 gold pieces
  1264 | D        | Identified the cursed +1 robe of Classification {Will+
                  | Str+6} (You bought it in a shop in the Dungeon)
  1349 | D        | Noticed a smoke demon
  1504 | D        | Killed a merfolk siren
  1576 | D        | Reached ****** piety under Dithmenos
  1597 | D        | Noticed a lindwurm
  1600 | D        | Killed a lindwurm
  1601 | D        | Reached skill level 5 in Fighting
  1601 | D        | Reached skill level 10 in Short Blades
  1636 | D        | Reached XP level 11. HP: 45/56 MP: 8/30
  1638 | D        | Reached skill level 5 in Ice Magic
  2019 | D        | Noticed a 12-headed hydra
  2021 | D        | Killed a 12-headed hydra
  2022 | D        | Reached skill level 1 in Conjurations
  2039 | D        | Noticed a daeva
  2095 | D        | Noticed a deep troll
  2105 | D        | Killed a deep troll
  2106 | D        | Reached skill level 15 in Spellcasting
  2124 | D        | Found Jacuh's Armour Emporium.
  2138 | D        | Noticed Sonja
  2141 | D        | Killed Sonja
  2158 | D        | Found Wamuow's Book Boutique.
  2172 | D        | Noticed a shining eye
  2172 | D        | Noticed a shining eye
  2172 | D        | Noticed a shining eye
  2173 | D        | Noticed a shining eye
  2173 | D        | Noticed a shining eye
  2173 | D        | Noticed a shining eye
  2173 | D        | Noticed a shining eye
  2173 | D        | Noticed a shining eye
  2176 | D        | Killed a shining eye
  2178 | D        | Killed a shining eye
  2178 | D        | Paralysed by a floating eye for 3 turns
  2179 | D        | Reached skill level 15 in Dodging
  2189 | D        | Gained mutation: You possess an exceptional clarity of
                  | mind. [a shining eye]
  2193 | D        | Gained mutation: You occasionally shout uncontrollably at
                  | your foes. [a shining eye]
  2194 | D        | Killed a shining eye
  2199 | D        | Gained mutation: You sometimes yell uncontrollably at your
                  | foes. [a shining eye]
  2200 | D        | Gained mutation: Armour fits poorly on your strangely
                  | shaped body. [a shining eye]
  2202 | D        | Killed a shining eye
  2206 | D        | Killed a shining eye
  2210 | D        | Gained mutation: You are weak. (Str -2) [a shining eye]
  2225 | D        | Killed a shining eye
  2227 | D        | Killed a shining eye
  2231 | D        | Killed a shining eye
  2233 | D        | Found Byhaic's Magic Scroll Shop.
  2233 | D        | Found Weilopt's Magic Scroll Emporium.
  2233 | D        | Found Tiuvorr's Antique Weapon Boutique.
  2234 | D        | Found Ocaacac's Armour Shoppe.
  2378 | D        | Noticed a deep elf annihilator
  2383 | D        | Noticed a mummy priest
  2824 | D        | Got out of the dungeon alive.

Illustrated notes

Levels and vault maps discovered:
D:        dungeon_sprint_1 [red_sonja_temple_1, red_sonja_temple_small_1]

Skill      XL: |  1  2  3  4  5  6  7  8  9 10 11 |
---------------+----------------------------------+-----
Stealth        | 7 11 13 16 17 18 19 | 19.2
Spellcasting   | 4 6 7 8 9 10 11 13 14 16 | 16.1
Hexes          | 5 6 8 10 11 12 13 14 | 14.0
Short Blades   | 4 6 8 10 | 10.0
Dodging        | 6 9 11 13 16 | 16.0
Fighting       | 3 5 8 |  8.3
Ice Magic      | 4 7 |  7.0
Conjurations   | 4 |  4.7

Action                   |  1- 3 |  4- 6 |  7- 9 | 10-12 || total
-------------------------+-------+-------+-------+-------++-------
Melee: Dagger            |     5 |     4 |    16 |   157 ||   182
Throw: Stone             |       |       |       |     3 ||     3
       Dart              |       |       |       |     1 ||     1
 Cast: Ensorcelled Hiber |     1 |     3 |     9 |    19 ||    32
       Confusing Touch   |       |       |     1 |    11 ||    12
       Dazzling Flash    |       |       |       |     5 ||     5
Invok: Shadow Step       |       |       |       |     3 ||     3
  Use: Potion            |     1 |       |       |       ||     1
       Scroll            |       |       |     1 |       ||     1
 Stab: Sleeping          |     3 |     4 |    10 |    35 ||    52
       Confused          |       |       |     1 |    13 ||    14
       Invisible         |       |       |       |     6 ||     6
Armor: Robe              |     1 |       |       |     4 ||     5
Dodge: Dodged            |       |     1 |    16 |    73 ||    90
